AoeStats
← Dicc Pointy Like Arrow

MegaRandom

508125971Analyzed
3v3 RM · 10d ago on Sep 21, 2026· 24m 3s· 6 players
Game mode
Random Map
Map size
Normal (6 player)
Population
200
Speed
Normal
Resources
Standard
Victory
Conquest
Starting age
Dark Age
Ending age
Imperial Age
RankedLock teamsTeams togetherTeam positionsShared explorationLock speedFull tech treeHidden civsTurbo modeCheats
Victory
Defeat
🇺🇸 Byzantines · United States
1240
+14
🇺🇸 Bulgarians · United States
1225
+15
🇺🇸 Cumans · United States
1188
+17
🇦🇷 Muisca · Argentina
1237
-17
🇦🇷 Britons · Argentina
1217
-16
🇦🇷 Gurjaras · Argentina
1157
-13
Arielituzzz
7:39 Loom
11:26 Feudal Age
12:06 Double-Bit Axe
12:17 Gold Mining
16:39 Horse Collar
22:56 Castle Age
21:15 Fletching
21:26 Padded Archer Armor
23:06 Wheelbarrow
Darmoran
10:03 Feudal Age
14:24 Castle Age
13:07 Double-Bit Axe
22:20 Loom
Rototom
6:54 Loom
9:22 Feudal Age
10:14 Double-Bit Axe
19:00 Castle Age
17:10 Scale Barding Armor
17:01 Gold Mining
18:40 Forging
19:42 Bloodlines
20:26 Iron Casting
19:54 Husbandry
22:10 Bow Saw
Carson Palletjack
6:38 Loom
12:04 Feudal Age
12:29 Double-Bit Axe
12:34 Horse Collar
13:57 Wheelbarrow
16:11 Fletching
20:24 Padded Archer Armor
21:00 Fishing Lines
Work Ethic
12:28 Feudal Age
13:02 Double-Bit Axe
Dicc Pointy Like Arrow
3:44 Loom
10:54 Feudal Age
11:44 Horse Collar
19:42 Scale Mail Armor
19:52 Forging
26:18 Castle Age
Connection lost

Rejoining the realm…

Still unreachable

The connection could not be restored.

Session expired

The server has moved on; the page needs a fresh start.